 Dungeon Crawl Stone Soup version 0.27-a0-797-g27d10ad80f (webtiles) character file.

Game seed: 15373530933739769468

33212 leviel the Severer (level 13, -11/108 HPs)
             Began as a Minotaur Fighter on Mar 27, 2021.
             Was a High Priest of Okawaru.
             Mangled by a titanic slime creature (78 damage)
             ... on level 15 of the Dungeon.
             The game lasted 00:43:21 (24218 turns).

leviel the Severer (Minotaur Fighter)              Turns: 24218, Time: 00:43:22

Health: -11/108    AC: 16    Str: 25    XL:     13   Next: 35%
Magic:  0/19       EV: 14    Int:  6    God:    Okawaru [*****.]
Gold:   985        SH: 13    Dex: 12    Spells: 12/12 levels left

rFire    + + .     SeeInvis .   a - +0 broad axe of Past Mistakes {vorpal, rPois rF+}
rCold    . . .     Faith    .   c - +1 kite shield
rNeg     . . .     Spirit   +   i - +0 plate armour
rPois    +         Reflect  .   (helmet restricted)
rElec    .         Harm     .   (no cloak)
rCorr    .         Rampage  .   A - +0 pair of gloves
Will     .....                  (no boots)
Stlth    ..........             f - amulet of guardian spirit
HPRegen  0.28/turn              e - +4 ring of evasion
MPRegen  0.16/turn              (no ring)

@: heroic, finesse-ful
A: horns 2, retaliatory headbutt, hooves 1, repulsion field 1, blink, fire
resistance 1, strong 1, evolution 1
a: Blink, Renounce Religion, Heroism, Finesse


You were on level 15 of the Dungeon.
You worshipped Okawaru.
Okawaru was extremely pleased with you.
You visited 3 branches of the dungeon, and saw 18 of its levels.

You collected 1202 gold pieces.
You spent 217 gold pieces at shops.

Inventory:

Hand Weapons
 a - the +0 broad axe of Past Mistakes (weapon) {vorpal, rPois rF+}
   (You found it on level 8 of the Dungeon)

   It inflicts extra damage upon your enemies.
   It protects you from fire.
   It protects you from poison.
 b - a +2 vorpal hand crossbow
 E - a +3 scimitar of flaming
Missiles
 o - 3 atropa-tipped darts
 u - 111 poisoned darts
 v - 4 curare-tipped darts
 y - 6 javelins (quivered)
 C - 116 bolts
Armour
 c - a +1 kite shield (worn)
 i - a +0 plate armour (worn)
 r - +0 acid dragon scales
 A - a +0 pair of gloves (worn)
Jewellery
 e - a +4 ring of evasion (left hand)
 f - an amulet of guardian spirit (around neck)
Wands
 d - a wand of random effects (13)
 m - a wand of iceblast (9)
Scrolls
 k - a scroll of amnesia
 l - 9 scrolls of teleportation
 q - 3 scrolls of magic mapping
 s - 8 scrolls of identify
 x - a scroll of summoning {unknown}
 D - a scroll of enchant weapon
 F - a scroll of enchant armour
Potions
 g - a potion of attraction {unknown}
 h - a potion of berserk rage
 j - 2 potions of brilliance
 n - 2 potions of invisibility
 p - 2 potions of resistance {unknown}
 t - 2 potions of cancellation
 w - 2 potions of might
 z - 2 potions of flight
 B - 2 potions of haste


   Skills:
 - Level 8.4(13.4) Fighting
 + Level 16.8(21.8) Axes
 - Level 10.0(15.0) Crossbows
 - Level 5.9(10.9) Throwing
 - Level 6.7(11.7) Armour
 - Level 3.6(8.6) Shields
 + Level 10.3 Invocations
 - Level 4.6 Evocations


You had 12 spell levels left.
You didn't know any spells.
Your spell library contained the following spells:

 Spells                   Type           Power      Damage    Failure   Level
 Animate Skeleton         Necr           0%         N/A       100%        1
 Apportation              Tloc           0%         N/A       100%        1
 Beastly Appendage        Tmut           0%         N/A       100%        1
 Corona                   Hex            0%         N/A       100%        1
 Summon Small Mammal      Summ           0%         N/A       100%        1
 Blink                    Tloc           N/A        N/A       100%        2
 Call Imp                 Summ           0%         N/A       100%        2
 Wereblood                Tmut           0%         N/A       100%        2
 Call Canine Familiar     Summ           0%         N/A       100%        3
 Gell's Gravitas          Tloc           0%         N/A       100%        3
 Lesser Beckoning         Tloc           0%         N/A       100%        3
 Spider Form              Tmut/Pois      0%         N/A       100%        3
 Summon Guardian Golem    Hex/Summ       0%         N/A       100%        3
 Teleport Other           Tloc           0%         N/A       100%        3
 Cause Fear               Hex            0%         N/A       100%        4
 Ice Form                 Ice/Tmut       0%         N/A       100%        4
 Summon Ice Beast         Ice/Summ       0%         N/A       100%        4
 Summon Lightning Spire   Summ/Air       0%         N/A       100%        4
 Blade Hands              Tmut           0%         N/A       100%        5
 Bolt of Magma            Conj/Fire/Erth 0%         4d4       100%        5
 Iskenderun's Battlesphe  Conj           0%         2d6       100%        5
 Manifold Assault         Tloc           0%         N/A       100%        5
 Silence                  Hex/Air        0%         N/A       100%        5
 Yara's Violent Unravell  Hex/Tmut       0%         3d3       100%        5
 Iron Shot                Conj/Erth      0%         9d1       100%        6
 Orb of Destruction       Conj           0%         N/A       100%        7
 Spellforged Servitor     Conj/Summ      0%         N/A       100%        7
 Discord                  Hex            0%         N/A       100%        8


Dungeon Overview and Level Annotations

Branches:
Dungeon (13/15)            Temple (1/1) D:5            Lair (3/6) D:8
 Spider (0/4) Lair:3          Orc (0/2) D:12
  Swamp: Lair:2-4    Shoals: Lair:2-4    Vaults: D:13-14

Altars:
Ashenzari
Cheibriados
Dithmenos
Elyvilon
Fedhas
Gozag
Hepliaklqana
Kikubaaqudgha
Makhleb
Nemelex Xobeh
Okawaru
Qazlal
Ru
Sif Muna
Trog
Uskayaw
Vehumet
Wu Jian
Xom
Yredelemnul
Zin
The Shining One

Shops:
D:8 [=?


Innate Abilities, Weirdness & Mutations

You have a pair of horns on your head.
You reflexively headbutt those who attack you in melee.
You have large cloven feet.
You are surrounded by a mild repulsion field. (EV +2)
You can translocate small distances at will.
Your flesh is heat resistant. (rF+)
Your muscles are strong. (Str +2)
You evolve.


Message History

The slime creature quivers.
Two slime creatures merge to form an enormous slime creature.
There is an open door, spattered with blood here.
You slice the enormous slime creature!! You kick the enormous slime creature.
The enormous slime creature is lightly wounded.
You slash the enormous slime creature! You kick the enormous slime creature.
You headbutt the enormous slime creature.
The enormous slime creature is moderately wounded.
Your shield and plate armour prevent you from hitting the enormous slime creature.
You kick the enormous slime creature.
The enormous slime creature is moderately wounded.
You slash the enormous slime creature!
Your kick misses the enormous slime creature.
You headbutt the enormous slime creature, but do no damage.
The enormous slime creature is moderately wounded.
Two slime creatures merge to form a titanic slime creature.
You slice the titanic slime creature!! You kick the titanic slime creature.
You headbutt the titanic slime creature.
The titanic slime creature is moderately wounded.
You hit the titanic slime creature. You kick the titanic slime creature.
You headbutt the titanic slime creature, but do no damage.
The titanic slime creature is moderately wounded.
You slash the titanic slime creature! You kick the titanic slime creature.
You headbutt the titanic slime creature, but do no damage.
The titanic slime creature is heavily wounded.
You hit the titanic slime creature but do no damage.
You kick the titanic slime creature.
The titanic slime creature is heavily wounded.
You slash the titanic slime creature!
You headbutt the titanic slime creature.
The titanic slime creature is heavily wounded.
You hit the titanic slime creature.
Your headbutt misses the titanic slime creature.
The titanic slime creature is heavily wounded.
You slice the titanic slime creature!!
Your kick misses the titanic slime creature.
The titanic slime creature is severely wounded.
The titanic slime creature hits you!!!!
Ouch! That really hurt!
You die...

##### #..†#
#..#@#
....##J##
.....##.J.##
##...#.....#
.... #....[#
.## ##...##
##.## #..
##..


You could see a titanic slime creature and a slime creature.

Vanquished Creatures
  Harold (D:9)
  2 hydras
  4 boulder beetles
  A centaur warrior (D:8)
  5 two-headed ogres
  Sonja (D:10)
  2 manticores (D:12)
  2 ugly things (D:15)
  2 cyclopes
  2 black mambas
  6 cane toads
  Psyche (D:11)
  A rime drake (Lair:1)
  7 komodo dragons
  An efreet (D:13)
  2 trolls
  2 polar bears (Lair:2)
  3 slime creatures (D:12)
  9 blink frogs
  3 jumping spiders (Lair:3)
  A wyvern (D:10)
  2 wraiths
  2 shadows (D:12)
  2 basilisks (Lair:1)
  A redback (Lair:3)
  33 yaks
  A steam dragon (Lair:2)
  7 vampire mosquitoes
  2 acid dragons
  9 water moccasins
  A sky beast (D:7)
  An ice beast (D:7)
  2 orc warriors
  3 ogres
  2 black bears (D:8)
  3 necrophages
  3 centaurs
  A phantom (D:5)
  4 kobold brigands
  11 bullfrogs
  A water moccasin skeleton (D:5)
  3 killer bees (D:9)
  2 scorpions
  11 wights
  An electric eel (Lair:2)
  4 howler monkeys
  A crimson imp (D:4)
  6 centaur zombies
  A jelly (D:5)
  A bullfrog zombie (D:5)
  4 hounds
  7 orc priests
  11 orc wizards
  An iguana (D:5)
  A hound skeleton (D:4)
  3 gnolls (D:4)
  2 adders
  A shadow imp (D:7)
  3 white imps
  2 ufetubi (D:7)
  2 worms (D:2)
  4 dart slugs
  42 orcs
  4 ball pythons
  7 endoplasms
  2 giant cockroaches (D:1)
  7 hobgoblins
  5 jackals
  22 kobolds
  2 quokkas
  6 bats
  2 frilled lizards
  8 goblins
  4 rats
331 creatures vanquished.

Vanquished Creatures (others)
  A sky beast (D:6)
  20 fungi
  32 plants
53 creatures vanquished.

Grand Total: 384 creatures vanquished

Notes
Turn   | Place    | Note
-------+----------+-------------------------------------------
     0 | D:1      | leviel the Minotaur Fighter began the quest for the Orb.
     0 | D:1      | Reached XP level 1. HP: 19/19 MP: 0/0
   171 | D:1      | Reached skill level 3 in Axes
   171 | D:1      | Reached XP level 2. HP: 23/27 MP: 1/1
   551 | D:1      | Found an ornate altar of the Wu Jian Council.
  1199 | D:2      | Reached XP level 3. HP: 34/34 MP: 2/2
  2299 | D:2      | Reached skill level 5 in Fighting
  2299 | D:2      | Reached skill level 4 in Axes
  2299 | D:2      | Reached XP level 4. HP: 29/42 MP: 3/3
  2706 | D:2      | Found a blossoming altar of Fedhas.
  2818 | D:3      | Reached XP level 5. HP: 14/48 MP: 4/4
  3354 | D:3      | Reached skill level 5 in Axes
  3635 | D:3      | Found a radiant altar of Vehumet.
  4058 | D:4      | Noticed an ogre
  4089 | D:4      | Killed an ogre
  4090 | D:4      | Reached skill level 1 in Throwing
  4090 | D:4      | Reached XP level 6. HP: 58/58 MP: 5/5
  4227 | D:4      | Found a shimmering altar of Xom.
  4229 | D:4      | Found a burning altar of Makhleb.
  4245 | D:4      | Reached skill level 6 in Axes
  4432 | D:5      | Entered Level 5 of the Dungeon
  4505 | D:5      | Reached XP level 7. HP: 30/66 MP: 6/6
  4967 | D:5      | Found a staircase to the Ecumenical Temple.
  5054 | Temple   | Entered the Ecumenical Temple
  5213 | D:6      | Reached skill level 7 in Axes
  5440 | D:6      | Reached XP level 8. HP: 46/74 MP: 7/7
  6110 | D:7      | Gained mutation: Armour fits poorly on your strangely
                  | shaped body. [potion of mutation]
  6110 | D:7      | Gained mutation: Your natural rate of healing is unusually
                  | fast. [potion of mutation]
  6114 | D:7      | Reached skill level 5 in Throwing
  6201 | D:7      | Lost mutation: Armour fits poorly on your strangely shaped
                  | body. [potion of mutation]
  6201 | D:7      | Lost mutation: Your natural rate of healing is unusually
                  | fast. [potion of mutation]
  6201 | D:7      | Gained mutation: Scrolls take you a little longer to read.
                  | [potion of mutation]
  6201 | D:7      | Gained mutation: You can translocate small distances at
                  | will. [potion of mutation]
  6201 | D:7      | Gained mutation: You evolve. [potion of mutation]
  6208 | D:7      | Reached skill level 5 in Armour
  6459 | D:7      | Reached skill level 1 in Crossbows
  6625 | D:7      | Reached XP level 9. HP: 81/82 MP: 8/8
  6887 | D:8      | Found an iron altar of Okawaru.
  7110 | D:8      | Became a worshipper of Warmaster Okawaru
  7128 | D:8      | Found Dipteibb's Magic Scroll Shoppe.
  7174 | D:8      | Bought a scroll of identify for 28 gold pieces
  7174 | D:8      | Bought a scroll of identify for 28 gold pieces
  7174 | D:8      | Bought a scroll of identify for 28 gold pieces
  7174 | D:8      | Bought a scroll of identify for 28 gold pieces
  7174 | D:8      | Bought a scroll of enchant weapon for 105 gold pieces
  7199 | D:8      | Noticed a two-headed ogre
  7220 | D:8      | Reached skill level 5 in Crossbows
  7232 | D:8      | Killed a two-headed ogre
  7232 | D:8      | Reached * piety under Okawaru
  7660 | D:8      | Gained mutation: Your flesh is heat resistant. (rF+)
                  | [evolution]
  7867 | D:8      | Found Loithiab's Jewellery Boutique.
  7874 | D:8      | Found a glowing golden altar of the Shining One.
  7875 | D:8      | Identified the +0 broad axe of Past Mistakes {vorpal, rPois
                  | rF+}
  7887 | D:8      | Found a sparkling altar of Nemelex Xobeh.
  8132 | D:8      | Found Ohice's Armour Shop.
  8220 | D:8      | Reached ** piety under Okawaru
  8231 | D:8      | Reached XP level 10. HP: 46/90 MP: 9/9
  8433 | D:8      | Found a staircase to the Lair.
  8601 | D:8      | Noticed a centaur warrior
  8613 | D:8      | Killed a centaur warrior
  8614 | D:8      | Reached skill level 10 in Crossbows
  8978 | D:9      | Gained mutation: Your muscles are strong. (Str +2)
                  | [evolution]
  9322 | D:9      | Found a sacrificial altar of Ru.
  9395 | D:9      | Reached *** piety under Okawaru
 10606 | D:9      | Noticed Harold
 10623 | D:9      | Killed Harold
 10845 | D:10     | Entered Level 10 of the Dungeon
 10961 | D:10     | Noticed Sonja
 12006 | D:10     | Killed Sonja
 12006 | D:10     | Received a gift from Okawaru
 12006 | D:10     | Reached **** piety under Okawaru
 12007 | D:10     | Reached skill level 5 in Invocations
 12382 | D:10     | Received a gift from Okawaru
 12383 | D:10     | Reached XP level 11. HP: 34/95 MP: 9/14
 12624 | D:10     | You fall into a shaft and drop 2 floors!
 13155 | D:11     | Noticed a two-headed ogre
 13161 | D:11     | Killed a two-headed ogre
 13514 | D:11     | Noticed Psyche
 13522 | D:11     | Paralysed by Psyche for 7 turns
 13553 | D:11     | Lost mutation: Scrolls take you a little longer to read.
                  | [evolution]
 13572 | D:11     | HP: 2/91 [vampire mosquito (4)]
 14299 | D:11     | Killed Psyche
 14964 | Lair:1   | Entered Level 1 of the Lair of Beasts
 14975 | Lair:1   | Reached ***** piety under Okawaru
 15216 | Lair:1   | Received a gift from Okawaru
 15403 | Lair:1   | Reached skill level 10 in Invocations
 15436 | Lair:1   | Reached skill level 8 in Axes
 15478 | Lair:1   | Gained mutation: You have large cloven feet. [evolution]
 16084 | Lair:1   | Reached skill level 9 in Axes
 16086 | Lair:1   | Received a gift from Okawaru
 17237 | Lair:2   | Noticed a boulder beetle
 17249 | Lair:2   | Killed a boulder beetle
 17250 | Lair:2   | Reached skill level 10 in Axes
 17646 | Lair:2   | Noticed a seven-headed hydra
 18019 | Lair:1   | Reached XP level 12. HP: 48/103 MP: 11/18
 18365 | Lair:2   | Reached skill level 11 in Axes
 18545 | Lair:2   | Killed a seven-headed hydra
 18545 | Lair:2   | Received a gift from Okawaru
 19806 | Lair:3   | Reached skill level 12 in Axes
 19920 | Lair:3   | Noticed a four-headed hydra
 19926 | Lair:3   | Killed a four-headed hydra
 20093 | Lair:3   | Received a gift from Okawaru
 20094 | Lair:3   | Reached skill level 13 in Axes
 20499 | Lair:3   | Received a gift from Okawaru
 20739 | Lair:3   | Gained mutation: You are surrounded by a mild repulsion
                  | field. (EV +2) [evolution]
 20940 | Lair:3   | Reached skill level 14 in Axes
 21154 | Lair:3   | Found a hole to the Spider Nest.
 21249 | Lair:3   | Noticed a boulder beetle
 21521 | Lair:3   | Killed a boulder beetle
 21522 | Lair:3   | Reached skill level 15 in Axes
 22470 | D:12     | Received a gift from Okawaru
 22721 | D:12     | Noticed a two-headed ogre
 22727 | D:12     | Killed a two-headed ogre
 22728 | D:12     | Reached XP level 13. HP: 103/108 MP: 17/19
 22810 | D:12     | Identified the +2 hat of the Last Beds {rN++ Dex+4}
                  | (Okawaru gifted it to you on level 12 of the Dungeon)
 22810 | D:12     | Received a gift from Okawaru
 23023 | D:12     | Reached skill level 16 in Axes
 23971 | D:12     | Found a staircase to the Orcish Mines.
 24189 | D:13     | You fall into a shaft and drop 2 floors!
 24189 | D:15     | Entered Level 15 of the Dungeon
 24218 | D:15     | Mangled by a titanic slime creature

Illustrated notes

Levels and vault maps discovered:
D:1:      dpeg_arrival_arbitrary_a, layout_loops_corners, minmay_hedge_maze,
          kennysheep_flooded_box, st_stairs_10
D:2:      layout_rooms, corexii_shack, minivault_23, fedhas_altar_4
D:3:      cheibrodos_pilgrimage, layout_loops_cross, general_overflow_altar
D:4:      layout_gridville, grunt_temple_overflow_champion_of_chaos,
          chequers_serial_rivers_micro_c
D:5:      layout_rooms, temple_hall
D:6:      layout_loops_ring, st_stairs_11
D:7:      layout_rooms, minmay_between
D:8:      layout_basic, nemelex_xobeh_ov_fountains_minmay,
          nicolae_overflow_crystal_walls, grunt_lair_entry_orc_guard_hut,
          basic_altar, serial_shops, shop_fountains, nicolae_shop_trees, shop,
          small_chamber_with_monster
D:9:      layout_stronghold, nicolae_ru_path_of_blood, st_stairs_6, uniq_harold
D:10:     layout_roguey, uniq_sonja
D:11:     layout_roguey, uniq_psyche
D:12:     layout_basic, hiddenorc1_lemuel
D:13:     layout_cave_pools
D:15:     gammafunk_enter_depths_forms, layout_basic, nicolae_two_hexagons,
          cheibriados_altar_1
Temple:   nicolae_temple_x_marks_the_god
Lair:1:   layout_layer_cave, grunt_megastairs_1
Lair:2:   layout_layer_cave, st_stairs_9, nicolae_quartered_pool_medium
Lair:3:   layout_layer_cave, spider_nest_entry_a, grunt_megastairs_3,
          serial_bayou_shore_b

Skill      XL: |  1  2  3  4  5  6  7  8  9 10 11 12 13 |
---------------+----------------------------------------+-----
Fighting       | 4 5 6 7 8 |  8.4
Axes           | 3 4 5 6 7 10 15 16 | 16.8
Throwing       | 1 2 3 5 |  5.9
Armour         | 6 |  6.7
Crossbows      | 1 9 10 | 10.0
Evocations     | 4 |  4.6
Invocations    | 6 10 | 10.3
Shields        | |  3.6

Action                   |  1- 3 |  4- 6 |  7- 9 | 10-12 | 13-15 || total
-------------------------+-------+-------+-------+-------+-------++-------
Melee: War axe           |    76 |   103 |   147 |       |       ||   326
       Headbutt          |    22 |    21 |    34 |   128 |    35 ||   240
       Broad axe         |       |       |    26 |   493 |   121 ||   640
       Kick              |       |       |       |    77 |    56 ||   133
       Unarmed           |       |       |       |     4 |       ||     4
 Fire: Hand crossbow     |       |       |    26 |    49 |    11 ||    86
Throw: Dart              |       |    13 |    31 |    49 |       ||    93
       Javelin           |       |       |       |    16 |     4 ||    20
Invok: Heroism           |       |       |       |     3 |     2 ||     5
       Finesse           |       |       |       |       |     1 ||     1
 Abil: Blink             |       |       |     1 |     8 |     2 ||    11
Evoke: Wand              |       |       |     1 |     5 |       ||     6
  Use: Potion            |       |     1 |     4 |     6 |       ||    11
       Scroll            |       |       |    14 |    16 |       ||    30
Armor: Scale mail        |    27 |    20 |    56 |    27 |       ||   130
       Acid dragon scale |       |       |       |    66 |       ||    66
       Plate armour      |       |       |       |   112 |    30 ||   142
       Skin              |       |       |       |     1 |       ||     1
Dodge: Dodged            |    43 |    49 |   119 |   290 |    29 ||   530
Block: Kite shield       |    47 |    54 |   130 |   372 |    39 ||   642

Table legend: (Time is in decaauts)
 A = Elapsed time spent in this place.
 B = Non-inter-level travel time spent in this place.
 C = Inter-level travel time spent in this place.
 D = Time resting spent in this place.
 E = Time spent auto-exploring this place.
 F = Levels seen in this place.
 G = Mean time per level.
                   A        B        C        D        E       F      G
               +--------+--------+--------+--------+--------+-----+--------+
         Total |  24584 |  23963 |    621 |   7751 |  13142 |  18 | 1365.8 |
       Dungeon |  17858 |  17376 |    482 |   5987 |   9106 |  14 | 1275.6 |
        Temple |     58 |     58 |      0 |      0 |     50 |   1 |   58.0 |
          Lair |   6667 |   6529 |    138 |   1764 |   3986 |   3 | 2222.3 |
               +--------+--------+--------+--------+--------+-----+--------+

Top non-repeatable levels by time:
     D:9: 3054 daAuts
     D:8: 2837 daAuts
  Lair:1: 2331 daAuts
  Lair:3: 2184 daAuts
  Lair:2: 2151 daAuts
     D:1: 1914 daAuts
    D:12: 1897 daAuts
    D:11: 1638 daAuts
    D:10: 1473 daAuts
     D:3: 1006 daAuts
     D:6: 947 daAuts
     D:2: 901 daAuts
     D:7: 763 daAuts
     D:4: 699 daAuts
     D:5: 664 daAuts
